Map: Efeméride LE

Players

LowLinK - Winner!

  • Race: Protoss Protoss
  • League: Platinum
  • Spawn Location: 5:00

Ranger

  • Race: Terran Terran
  • League: Diamond
  • Spawn Location: 11:00

VOD

Have the link to the VOD?

Description

Time

  • Played on: Feb. 15, 2020, 1:34 p.m.
  • Length: 4:43
Show
View Real Time Build Order
Export as new Build Order

LowLinK Protoss - Winner!

Build Orders:  

Get SALT Encoding   

  12  0:01  Probe  
  13  0:13  Probe  
  14  0:18  Pylon  
  14  0:25  Probe  
  15  0:37  Gateway  
  15  0:38  Probe (Chrono Boost)  
  16  0:49  Probe (Chrono Boost)  
  17  0:50  Assimilator  
  17  0:54  Probe (Chrono Boost)  
  18  0:58  Assimilator  
  18  1:04  Probe  
  19  1:20  Probe  
  19  1:23  Pylon  
  19  1:24  Cybernetics Core  
  20  1:33  Probe  
  21  1:43  Zealot  
  21  1:45  Probe  
  24  1:58  Warp Gate (Chrono Boost)  
  24  2:00  Pylon  
  24  2:04  Probe  
  25  2:18  Gateway  
  25  2:23  Gateway  
  25  2:28  Gateway  
  25  2:30  Stalker (Chrono Boost)  
  27  3:08  Gateway  
  27  3:18  Sentry (Chrono Boost)  
  29  3:26  Pylon  
  29  3:31  Pylon  
  29  3:39  Stalker x3  
  35  3:45  Stalker  
  37  4:02  Stalker x2  
  41  4:03  Stalker x2  
  45  4:10  Zealot  
Show
View Real Time Build Order
Export as new Build Order

Ranger Terran 

Build Orders: Reaper Expand 

Get SALT Encoding   

  12  0:00  SCV  
  13  0:13  SCV  
  14  0:18  Supply Depot  
  14  0:25  SCV  
  15  0:39  SCV  
  15  0:40  Barracks  
  16  0:45  Refinery  
  16  0:51  SCV  
  17  1:03  SCV  
  18  1:16  SCV  
  19  1:28  Orbital Command  
  19  1:29  Reaper  
  20  1:46  Command Center  
  20  1:59  SCV  
  21  2:03  Barracks  
  21  2:04  Barracks Reactor  
  21  2:11  Supply Depot  
  21  2:15  SCV  
  22  2:27  SCV  
  23  2:39  SCV  
  24  2:51  SCV  
  24  2:59  Barracks Tech Lab  
  24  3:00  Orbital Command  
  24  3:03  SCV, Marine  
  24  3:04  Marine  
  27  3:14  Refinery  
  27  3:17  Concussive Shells, Marauder  
  29  3:20  SCV  
  29  3:23  Bunker  
  29  3:26  Factory  
  30  3:27  Supply Depot  
  30  3:28  Marine x2  
  30  3:30  SCV  
  30  3:32  SCV  
  34  3:39  Marauder  
  36  3:42  SCV  
  36  3:44  SCV  
  36  3:45  Marine  
  36  3:46  Marine  
  36  3:47  Supply Depot  
  40  3:54  SCV  
  41  3:56  SCV  
  41  4:01  Marauder  
  44  4:03  Marine x2  
  44  4:06  SCV  
  44  4:08  SCV  
  48  4:10  Factory Reactor, Supply Depot  
  48  4:18  SCV  
  48  4:20  Starport  
Tags
 
Add a new tag
Caveats
  • Supply blocks, unpowered buildings, or Contaminate may cause inaccurate times.
  • Supply counts are checked every 10 seconds.